 Dungeon Crawl Stone Soup version 0.19.4-8-ga85b6b9 (console) character file.

721 Kloppie the Skirmisher (level 7, -3/61 HPs)
             Began as a Demonspawn Berserker on Feb 9, 2017.
             Was a Priest of Trog.
             Killed by divine providence
             ... invoked by an orc priest
              (16 damage)
             ... on level 4 of the Dungeon.
             The game lasted 00:04:59 (3612 turns).

Kloppie the Skirmisher (Demonspawn Berserker)       Turns: 3612, Time: 00:05:00

Health: -3/61      AC:  8    Str: 18    XL:     7   Next: 43%
Magic:  7/7        EV: 11    Int:  8    God:    Trog [***...]
Gold:   182        SH:  0    Dex: 14    Spells: 0 memorised, 6 levels left

rFire  + . .     SeeInvis .     a - +0 falchion
rCold  . . .     Gourm    .     f - +0 ring mail
rNeg   . . .     Faith    .     (no shield)
rPois  .         Spirit   .     (no helmet)
rElec  .         Reflect  .     (no cloak)
rCorr  .         Harm     .     v - +1 pair of gloves
MR     ++...                    (no boots)
Stlth  ..........               (no amulet)
                                (no ring)
                                k - ring of loudness (curse)

@: exhausted, regenerating, slowed, very slow
A: rugged brown scales 1, fire resistance 1, powered by death 1
a: Berserk, Trog's Hand, Burn Spellbooks, Renounce Religion


You were on level 4 of the Dungeon.
You worshipped Trog.
Trog was most pleased with you.
You were near starving.

You visited 1 branch of the dungeon, and saw 4 of its levels.

You collected 182 gold pieces.

Inventory:

Hand Weapons
 a - a +0 falchion (weapon)
Armour
 f - a +0 ring mail (worn)
 v - a +1 pair of gloves (worn)
Jewellery
 k - a cursed ring of loudness (left hand)
Scrolls
 e - 2 scrolls of amnesia
 h - 2 scrolls of identify
 m - 2 scrolls of enchant armour
Potions
 b - 3 potions of curing {unknown}
 d - a potion of mutation {unknown}
 g - 2 potions of agility {unknown}
 l - 2 potions of magic {unknown}
 n - a potion of haste
 p - 2 potions of flight {unknown}
 t - 2 potions of lignification {unknown}
 u - 2 potions of cure mutation {unknown}
 w - a potion of resistance {unknown}
Comestibles
 c - 2 bread rations
 q - a meat ration


   Skills:
 * Level 7.3 Fighting
 + Level 5.2 Long Blades
 - Level 1.7 Armour
 - Level 1.7 Dodging


You had 6 spell levels left.
You didn't know any spells.

Dungeon Overview and Level Annotations

Branches:
Dungeon (4/15)
 Temple: D:4-7

Altars:
Xom


Innate Abilities, Weirdness & Mutations

You are partially covered in rugged brown scales. (AC +1, +3% HP)
Your flesh is heat resistant. (rF+)
You regenerate a little health from kills.


Message History

The orc priest is lightly wounded.
You barely miss the orc.
The orc priest calls down the wrath of Beogh upon you.
Beogh smites you!
* * * LOW HITPOINT WARNING * * *
The orc hits you with a mace.
* * * LOW HITPOINT WARNING * * *
The orc priest invokes the aid of Beogh against you.
Pain shoots through your body!
* * * LOW HITPOINT WARNING * * *
You hit the orc but do no damage. The orc hits you but does no damage.
The orc priest misses you.
Your skin crawls.
You feel resistant to hostile enchantments.
You are near starving!
The orc misses you.
You riposte.
You hit the orc.
The orc is lightly wounded.
The orc priest invokes the aid of Beogh against you.
Beogh smites you!
You die...

..........................#.#
...#.........###........#.#.#
.# #.......#............#..>#
.............##.......##..##
#...#####.............##.....
.... ####....#..####.........
#.. .....####.######.#......
#......................
######@.#########...<..
#..)oo## ##..... #...#####
####.# #..# #.. ... ## .


You could see an orc priest and an orc.

Vanquished Creatures
  An ogre (D:4)
  4 crimson imps (D:3)
  4 orc priests
  A centaur skeleton (D:4)
  6 orc wizards
  A worker ant (D:4)
  A howler monkey skeleton (D:3)
  3 gnolls (D:3)
  6 adders
  4 leopard geckos
  11 orcs
  A bat (D:3)
  6 giant cockroaches
  5 goblins
  7 hobgoblins
  9 jackals
  2 quokkas (D:2)
  3 frilled lizards
  3 kobolds
  10 rats
88 creatures vanquished.

Notes
Turn   | Place    | Note
-------+----------+-------------------------------------------
     0 | D:1      | Kloppie the Demonspawn Berserker began the quest for the Orb.
     0 | D:1      | Reached XP level 1. HP: 18/18 MP: 1/1
   109 | D:1      | Gained mutation: You are partially covered in rugged brown scales. (AC +1, +3% HP) [demonic ancestry]
   109 | D:1      | Reached XP level 2. HP: 18/24 MP: 2/2
   575 | D:2      | Reached ** piety under Trog
   585 | D:2      | Gained mutation: You regenerate a little health from kills. [demonic ancestry]
   585 | D:2      | Reached XP level 3. HP: 25/29 MP: 3/3
   890 | D:2      | Reached skill level 4 in Fighting
  1502 | D:3      | Reached XP level 4. HP: 14/39 MP: 4/4
  1774 | D:3      | Reached XP level 5. HP: 31/44 MP: 5/5
  1981 | D:3      | Found a shimmering altar of Xom.
  2005 | D:3      | Reached skill level 5 in Fighting
  2279 | D:3      | Reached XP level 6. HP: 48/53 MP: 6/6
  2579 | D:3      | Reached skill level 6 in Fighting
  2908 | D:4      | Reached *** piety under Trog
  3014 | D:4      | Found a shimmering altar of Xom.
  3187 | D:4      | Gained mutation: Your flesh is heat resistant. (rF+) [demonic ancestry]
  3187 | D:4      | Reached XP level 7. HP: 60/60 MP: 7/7
  3258 | D:4      | Reached skill level 5 in Long Blades
  3322 | D:4      | Reached skill level 7 in Fighting
  3612 | D:4      | Killed from afar by an orc priest

Skill      XL: |  1  2  3  4  5  6  7 |
---------------+----------------------+-----
Long Blades    | 3 4 5 |  5.2
Fighting       | 4 5 6 7 |  7.3
Armour         | |  1.7
Dodging        | |  1.7

Action                   |  1- 3 |  4- 6 |  7- 9 || total
-------------------------+-------+-------+-------++-------
Melee: Falchion          |   125 |   190 |    42 ||   357
Invok: Berserk           |     2 |     5 |     3 ||    10
       Trog's Hand       |       |       |     2 ||     2
  Use: Scroll            |       |     8 |       ||     8
  Eat: Chunk             |     3 |    11 |     4 ||    18
Armor: Ring mail         |    50 |    60 |    16 ||   126
       Animal skin       |     1 |       |       ||     1
Dodge: Dodged            |    96 |   106 |    17 ||   219
       Rpst.: Falchion   |    30 |    35 |     6 ||    71
